 Seeded DCSS version 0.28-a0-1613-gdaab1c2f9b (webtiles) character file.

Game seed: 11 (custom seed)

352 knot the Chopper (level 6, 0/63 HPs)
             Began as a Demonspawn Berserker on Jan 21, 2022.
             Was a Believer of Trog.
             Slain by a river rat (6 damage)
             ... summoned by Eustachio
             ... on level 4 of the Dungeon.
             The game lasted 00:03:37 (4826 turns).

knot the Chopper (Demonspawn Berserker)             Turns: 4826, Time: 00:03:38

Health: 0/63       AC: 23    Str: 15 (17) XL:     6   Next: 35%
Magic:  6/6        EV:  2    Int:  9 (10) God:    Trog [**....]
Gold:   147        SH:  0    Dex:  9 (13) Spells: 5/5 levels left

rFire   . . .      SeeInvis .   a - +0 hand axe
rCold   . . .      Faith    .   (no shield)
rNeg    . . .      Spirit   .   (armour currently unavailable)
rPois   +          Reflect  .   (helmet currently unavailable)
rElec   .          Harm     .   (cloak currently unavailable)
rCorr   .          Rampage  .   (gloves currently unavailable)
Will    ++...      NoTele   +   (boots currently unavailable)
Stlth   +.........              (no amulet)
HPRegen 1.20/turn               (no ring)
MPRegen 0.10/turn               (no ring)

@: brilliant, tree-form, strong-willed, on berserk cooldown, regenerating,
slowed, very slow
A: stationary, stasis, torment immunity, boosted hp, powered by death 1, (sturdy
frame 1), (weakness stinger 1), (horns 1), frail 1
a: Renounce Religion, Berserk, Trog's Hand


You were on level 4 of the Dungeon.
You worshipped Trog.
Trog was pleased with you.
You were a tree.
You visited 1 branch of the dungeon, and saw 4 of its levels.
You also visited: Sewer.

You collected 147 gold pieces.

Inventory:

Hand Weapons
 a - a +0 hand axe (weapon)
Missiles
 d - 39 stones (quivered)
 i - 8 boomerangs
 q - 2 atropa-tipped darts
Armour
 h - a +0 leather armour (melded)
Scrolls
 f - 6 scrolls of identify {unknown}
 k - a scroll of enchant weapon {unknown}
 l - a scroll of fog {unknown}
 o - a scroll of summoning {unknown}
 p - 2 scrolls of teleportation {unknown}
 t - a scroll of fear {unknown}
Potions
 b - a potion of lignification
 c - 2 potions of brilliance
 e - 2 potions of mutation
 g - a potion of attraction {unknown}
 m - a potion of magic
 n - a potion of degeneration
 r - 2 potions of cancellation {unknown}
 s - a potion of berserk rage {unknown}
 u - a potion of flight {unknown}
 v - a potion of invisibility {unknown}


   Skills:
 - Level 3.0 Fighting
 + Level 6.6 Axes
 - Level 1.7 Armour
 - Level 1.7 Dodging


You had 5 spell levels left.
You didn't know any spells.
Your spell library contained the following spells:

 Spells                   Type           Power      Damage    Failure   Level
 Blink                    Tloc           0%         N/A       52%         2
 Manifold Assault         Tloc           0%         N/A       100%        5
 Storm Form               Tmut/Air       0%         N/A       100%        7


Dungeon Overview and Level Annotations

Branches:
Dungeon (4/15)              Sewer (visited)
 Temple: D:4-7

Altars:
Ashenzari
Cheibriados
Dithmenos
Elyvilon
Makhleb
Ru
Trog
Vehumet
Yredelemnul

Annotations:
D:4 Eustachio


Innate Abilities, Weirdness & Mutations

You are a tree.
Your roots penetrate the ground, keeping you stationary.
You cannot be teleported.
You are immune to unholy pain and torment.
Your maximum health is greatly increased.
Your equipment is partially melded.
You regenerate a little health from kills.
((Your movements are slightly less encumbered by armour. (ER -2)))
((You have a small tail.))
((You have a pair of small horns on your head.))
You are frail. (-10% HP)


Message History

The river rat bites you but does no damage.
The quasit bites you but does no damage.
The quasit claws you but does no damage. x2
Eustachio hits you but does no damage.
The river rat bites you but does no damage.
Your skin crawls.
You feel strong-willed. The bat hits you but does no damage.
The quasit bites you but does no damage.
The quasit claws you.
* * * LOW HITPOINT WARNING * * *
The quasit barely misses you.
Eustachio casts a spell.
The river rat bites you but does no damage.
The quasit bites you.
* * * LOW HITPOINT WARNING * * *
You feel clumsy.
The quasit claws you but does no damage. x2
Eustachio hits you but does no damage.
You aren't carrying any items that you can evoke.
It was a potion of mutation.
You feel extremely strange.
You feel frail. A pair of horns grows on your head!
The bat hits you but does no damage.
The quasit bites you but does no damage.
The quasit claws you but does no damage. x2
The river rat bites you but does no damage.
The quasit bites you.
* * * LOW HITPOINT WARNING * * *
You feel clumsy. The quasit barely misses you.
The quasit claws you but does no damage.
Eustachio mumbles some strange words.
The river rat bites you.
* * * LOW HITPOINT WARNING * * *
It was a potion of magic.
Magic courses through your body. The bat hits you but does no damage. x2
The quasit bites you but does no damage.
The quasit claws you but does no damage. x2
Eustachio barely misses you. The river rat bites you.
You die...

#.##.... #### #.##...$.
..# #.##....#####.#####
#.##.....!........#
###.##........#.##.##
#...##@....#.....#..#
######.####..#..#......[.#
...†...#######.@#5###.#..#
..............br♣.# #.#..#
############.#.b### #.#..#
#..#.b# ######
........#....
##########.### ..# ###


You could see Eustachio, a quasit (summoned), a river rat (summoned) and 3 bats.

Vanquished Creatures
  A phantom (D:4)
  A scorpion (D:4)
  A bullfrog skeleton (D:4)
  4 gnolls (D:4)
  An adder (D:2)
  7 river rats
  A worm (D:2)
  A dart slug (D:3)
  An orc (D:3)
  6 endoplasms
  4 giant cockroaches
  4 goblins
  3 hobgoblins
  4 jackals
  6 kobolds
  2 quokkas
  11 ball pythons
  8 bats
  5 frilled lizards
  16 rats
87 creatures vanquished.

Notes
Turn   | Place    | Note
-------+----------+-------------------------------------------
     0 | D:1      | knot the Demonspawn Berserker began the quest for the Orb.
     0 | D:1      | Reached XP level 1. HP: 18/18 MP: 1/1
    53 | D:1      | Reached skill level 3 in Axes
    56 | D:1      | Gained mutation: You regenerate a little health from kills.
                  | [demonic ancestry]
    56 | D:1      | Reached XP level 2. HP: 14/24 MP: 2/2
   773 | D:1      | Found a faded altar of an unknown god.
  1143 | D:2      | Gained mutation: Your movements are slightly less
                  | encumbered by armour. (ER -2) [demonic ancestry]
  1143 | D:2      | Reached XP level 3. HP: 29/29 MP: 3/3
  1163 | D:2      | Reached ** piety under Trog
  1458 | D:2      | Reached skill level 4 in Axes
  2401 | D:3      | Found a glowing drain.
  2415 | D:3      | Reached XP level 4. HP: 22/35 MP: 4/4
  2421 | Sewer    | Entered a sewer
  2812 | Sewer    | Reached skill level 5 in Axes
  3200 | Sewer    | Reached XP level 5. HP: 31/41 MP: 5/5
  3949 | D:3      | Found a shadowy altar of Dithmenos.
  3952 | D:3      | Found a bloodstained altar of Trog.
  3953 | D:3      | Found a basalt altar of Yredelemnul.
  3953 | D:3      | Found a radiant altar of Vehumet.
  3953 | D:3      | Found a burning altar of Makhleb.
  3955 | D:3      | Found a broken altar of Ashenzari.
  3956 | D:3      | Found a snail-covered altar of Cheibriados.
  3958 | D:3      | Found a sacrificial altar of Ru.
  4067 | D:4      | Reached *** piety under Trog
  4116 | D:4      | Reached skill level 6 in Axes
  4413 | D:4      | Gained mutation: You have a small tail. [demonic ancestry]
  4413 | D:4      | Reached XP level 6. HP: 47/47 MP: 6/6
  4812 | D:4      | Noticed Eustachio
  4825 | D:4      | Gained mutation: You are frail. (-10% HP) [potion of
                  | mutation]
  4825 | D:4      | Gained mutation: You have a pair of small horns on your
                  | head. [potion of mutation]
  4826 | D:4      | Slain by a river rat

Illustrated notes

Levels and vault maps discovered:
D:1:      minmay_arrival_nine_rooms, layout_rooms, basic_ecumenical_altar
D:2:      layout_basic
D:3:      layout_loops_ring, minitemple, portal_sewer_entry_b,
          lemuel_old_faithful
D:4:      layout_basic, uniq_eustachio

Skill      XL: |  1  2  3  4  5 |
---------------+----------------+-----
Axes           | 3 4 5 6 |  6.6
Fighting       | |  3.0
Armour         | |  1.7
Dodging        | |  1.7

Action                   |  1- 3 |  4- 6 || total
-------------------------+-------+-------++-------
Melee: Hand axe          |   168 |   147 ||   315
       Punch             |     2 |     1 ||     3
       Tailslap          |       |     4 ||     4
Invok: Berserk           |     2 |     7 ||     9
       Trog's Hand       |       |     1 ||     1
  Use: Potion            |       |     6 ||     6
 Stab: Sleeping          |       |     3 ||     3
Armor: Animal skin       |    17 |       ||    17
       Leather armour    |    29 |    19 ||    48
       Skin              |       |    28 ||    28
Dodge: Dodged            |   118 |    80 ||   198

Table legend: (Time is in decaauts)
 A = Elapsed time spent in this place.
 B = Non-inter-level travel time spent in this place.
 C = Inter-level travel time spent in this place.
 D = Time resting spent in this place.
 E = Time spent auto-exploring this place.
 F = Levels seen in this place.
 G = Mean time per level.
                   A        B        C        D        E       F      G
               +--------+--------+--------+--------+--------+-----+--------+
         Total |   4969 |   4894 |     75 |   1577 |   2638 |   5 |  993.8 |
       Dungeon |   3839 |   3764 |     75 |    931 |   2368 |   4 |  959.8 |
         Sewer |   1130 |   1130 |      0 |    645 |    269 |   1 | 1130.0 |
               +--------+--------+--------+--------+--------+-----+--------+

Top non-repeatable levels by time:
     D:2: 1437 daAuts
   Sewer: 1130 daAuts
     D:1: 973 daAuts
     D:4: 830 daAuts
     D:3: 598 daAuts
